 Dungeon Crawl Stone Soup version 0.17.0-28-g6e173f8 (console) character file.

337 Kloppie the Sneak (level 6, -1/49 HPs)
             Began as a Naga Enchanter on Nov 29, 2015.
             Slain by Pikel
             ... wielding a +2 whip of flaming
              (2 damage)
             ... on level 5 of the Dungeon.
             The game lasted 00:07:38 (4443 turns).

Kloppie the Sneak (Naga Enchanter)                  Turns: 4443, Time: 00:07:38

Health: -1/49      AC:  5    Str: 11    XL:     6   Next: 54%
Magic:  1/9        EV: 10    Int: 17    God:
Gold:   204        SH:  0    Dex: 11    Spells: 3 memorised, 3 levels left

rFire  . . .     SeeInvis +     a - +1 dagger
rCold  . . .     Clarity  .     b - +1 robe
rNeg   . . .     SustAt   .     (no shield)
rPois  +         Gourm    .     (no helmet)
rElec  .         Spirit   .     v - +0 cloak
rCorr  .         Warding  .     (no gloves)
rMut   +         Stasis   .     (no barding)
MR     .....                    g - amulet of resist mutation
Stlth  +++.......               (no ring)
                                (no ring)

@: very slow, not resistant to hostile enchantments, fairly stealthy
A: see invisible, deformed body, poison resistance, slowness 2, slow metabolism
1, spit poison 2, AC +2
a: Spit Poison


You were on level 5 of the Dungeon.
You were very hungry.

You visited 1 branch of the dungeon, and saw 5 of its levels.

You collected 204 gold pieces.

Inventory:

Hand Weapons
 a - a +1 dagger (weapon)
Armour
 b - a +1 robe (worn)
 v - a +0 cloak (worn)
Jewellery
 g - an amulet of resist mutation (around neck)
 w - an uncursed ring of ice {unknown}
Scrolls
 e - a scroll of fog {unknown}
 h - 3 scrolls of blinking {unknown}
 k - a scroll of magic mapping {unknown}
 l - 2 scrolls of remove curse {unknown}
 m - a scroll of recharging {unknown}
 s - a scroll of immolation {unknown}
 u - a scroll of random uselessness {unknown}
 x - a scroll of fear {unknown}
 y - a scroll of identify {unknown}
Potions
 f - 2 potions of curing {unknown}
 i - a potion of cure mutation {unknown}
 n - a potion of agility {unknown}
 p - 3 potions of haste {unknown}
 q - 2 potions of ambrosia {unknown}
 r - 3 potions of poison {unknown}
 t - 2 potions of brilliance {unknown}
 z - a potion of flight {unknown}
 A - a potion of heal wounds {unknown}
Books
 c - a book of Maledictions

   Spells                             Type                      Level
   a - Corona                         Hexes                        1
   b - Ensorcelled Hibernation        Hexes/Ice                    2
   c - Confuse                        Hexes                        3
   d - Tukima's Dance                 Hexes                        3
   e - Dazzling Spray                 Conjuration/Hexes            3
Comestibles
 d - 4 bread rations
 j - 3 meat rations
 o - a beef jerky


   Skills:
 - Level 3.0 Short Blades
 - Level 1.5 Dodging
 + Level 6.4 Stealth
 - Level 2.0 Spellcasting
 + Level 5.6 Hexes


You had 3 spell levels left.
You knew the following spells:

 Your Spells              Type           Power        Failure   Level  Hunger
a - Corona                Hex            ###....      1%          1    #......
b - Ensorcelled Hibernat  Hex/Ice        ##....       12%         2    ###....
c - Confuse               Hex            ###.....     8%          3    ###....


Dungeon Overview and Level Annotations

Branches:
Dungeon (5/15)
 Temple: D:4-7

Altars:
Elyvilon
Gozag
Makhleb
Ru
Trog
Yredelemnul

Annotations:
D:5 Pikel


Innate Abilities, Weirdness & Mutations

You cannot wear boots.
Your serpentine skin is tough (AC +2).
You have supernaturally acute eyesight.
Armour fits poorly on your strangely shaped body.
Your system is resistant to poisons.
You cover ground very slowly.
You have a slow metabolism.
You can spit poison.


Message History

You hit Pikel.
Pikel is severely wounded.
You hit Pikel but do no damage.
Pikel is severely wounded.
Pikel hits you with a whip of flaming.
* * * LOW HITPOINT WARNING * * *
Pikel burns you.
* * * LOW HITPOINT WARNING * * *
Casting: Corona
Confirm with . or Enter, or press ? or * to list all spells.
Aiming: Confuse
Press: ? - help, Shift-Dir - straight line, f/p - Pikel
Aim: Pikel, wielding a whip of flaming and wearing a robe (severely wounded, softly glowing, chance to defeat MR: 50%) Pikel appears confused.
You hit Pikel but do no damage.
Pikel is severely wounded.
Pikel hits you with a whip of flaming.
* * * LOW HITPOINT WARNING * * *
Pikel burns you.
You die...

######### #.Kp.p..#
####.############
#.....ppppK@....#
...%.##.##########.###
..## #.# #......# #.#
#.##.#.# ..# #.##.#.#
### #.##...#
#######.####.##
............... ...##..
........###..####......


You could see Pikel (confused) and 4 slaves.

Vanquished Creatures
  A scorpion (D:4)
  A crimson imp (D:5)
  Crazy Yiuf (D:3)
  A hound (D:4)
  A worker ant (D:5)
  A hound skeleton (D:4)
  3 gnolls (D:3)
  6 adders
  An ooze (D:1)
  2 worms (D:2)
  2 giant geckos
  An orc (D:4)
  2 ball pythons
  6 giant cockroaches
  5 hobgoblins
  8 jackals
  6 kobolds
  9 bats
  A giant gecko skeleton (D:4)
  4 giant newts
  10 goblins
  A quokka zombie (D:5)
  12 rats
85 creatures vanquished.

Notes
Turn   | Place    | Note
--------------------------------------------------------------
     0 | D:1      | Kloppie the Naga Enchanter began the quest for the Orb.
     0 | D:1      | Reached XP level 1. HP: 15/15 MP: 3/3
     6 | D:1      | Noticed a lindwurm
     6 | D:1      | Noticed a black bear
     6 | D:1      | Noticed a wolf
     6 | D:1      | Noticed a fire drake
   192 | D:1      | Reached XP level 2. HP: 22/22 MP: 5/5
   206 | D:1      | Learned a level 2 spell: Ensorcelled Hibernation
  1146 | D:1      | Reached XP level 3. HP: 28/28 MP: 6/6
  1201 | D:1      | HP: 1/28 [jackal (3)]
  2244 | D:2      | Reached XP level 4. HP: 36/36 MP: 4/7
  2937 | D:3      | Noticed Crazy Yiuf
  2941 | D:3      | Killed Crazy Yiuf
  2987 | D:3      | Learned a level 3 spell: Confuse
  3028 | D:3      | Reached XP level 5. HP: 21/42 MP: 2/8
  3378 | D:3      | Reached skill level 5 in Stealth
  3600 | D:4      | Found a white marble altar of Elyvilon.
  3639 | D:4      | Reached skill level 5 in Hexes
  3639 | D:4      | Reached XP level 6. HP: 49/49 MP: 6/9
  3794 | D:4      | Reached skill level 6 in Stealth
  4135 | D:4      | Found a bloodstained altar of Trog.
  4192 | D:5      | Entered Level 5 of the Dungeon
  4314 | D:5      | Found an opulent altar of Gozag.
  4315 | D:5      | Found a basalt altar of Yredelemnul.
  4315 | D:5      | Found a sacrificial altar of Ru.
  4315 | D:5      | Found a burning altar of Makhleb.
  4405 | D:5      | Noticed Pikel
  4443 | D:5      | HP: 1/49 [Pikel/whip of flaming (6)]
  4443 | D:5      | Slain by Pikel

Action                   |  1- 3 |  4- 6 || total
-------------------------+-------+-------++-------
Melee: Dagger            |   172 |   186 ||   358
 Cast: Corona            |    12 |     6 ||    18
       Ensorcelled Hiber |     5 |    25 ||    30
       Confuse           |       |     1 ||     1
 Stab: Sleeping          |    11 |    24 ||    35
       Distracted        |     1 |     2 ||     3
  Eat: Chunk             |     3 |     7 ||    10
